 Dungeon Crawl Stone Soup version 0.27-a0-695-gb4952372f7 (webtiles) character file.

Game seed: 15244366895665083321

314 wakim the Conjurer (level 6, -9/32 HPs)
             Began as a Deep Elf Conjurer on Mar 21, 2021.
             Killed by miscasting Iskenderun's Mystic Blast (15 damage)
             ... on level 4 of the Dungeon.
             The game lasted 00:12:24 (3601 turns).

wakim the Conjurer (Deep Elf Conjurer)              Turns: 3601, Time: 00:12:25

Health: -9/32      AC:  3    Str:  6    XL:     6   Next: 19%
Magic:  1/15       EV: 12    Int: 29    God:
Gold:   147        SH:  4    Dex: 13    Spells: 4/15 levels left

rFire    . . .     SeeInvis .   a - +0 long sword
rCold    . . .     Faith    .   e - +0 buckler
rNeg     . . .     Spirit   .   b - +0 robe
rPois    .         Reflect  .   (no helmet)
rElec    .         Harm     .   (no cloak)
rCorr    .         Rampage  .   (no gloves)
Will     .....                  d - +0 pair of boots
Stlth    ++........             (no amulet)
HPRegen  0.10/turn              i - +6 ring of intelligence
MPRegen  0.14/turn              (no ring)

@: very slightly contaminated
A: no striking features
a: no special abilities


You were on level 4 of the Dungeon.
You visited 1 branch of the dungeon, and saw 4 of its levels.

You collected 147 gold pieces.

Inventory:

Hand Weapons
 a - a +0 long sword (weapon)
Armour
 b - a +0 robe (worn)
 d - a +0 pair of boots (worn)
 e - a +0 buckler (worn)
Jewellery
 i - a +6 ring of intelligence (right hand)
Scrolls
 g - a scroll of enchant weapon {unknown}
 h - a scroll of identify {unknown}
Potions
 c - 2 potions of berserk rage {unknown}
 f - a potion of might {unknown}
 j - a potion of resistance {unknown}


   Skills:
 - Level 2.4 Dodging
 - Level 2.4 Stealth
 * Level 2.2 Shields
 - Level 5.0 Spellcasting
 * Level 6.7 Conjurations


You had 4 spell levels left.
You knew the following spells:

 Your Spells              Type           Power      Damage    Failure   Level
a - Magic Dart            Conj           100%       1d8       1%          1
b - Iskenderun's Mystic   Conj/Tloc      26%        2d7       19%         4
f - Fulminant Prism       Conj/Hex       13%        3d9       19%         4
x - Searing Ray           Conj           92%        3d6       1%          2

Your spell library contained the following spells:

 Spells                   Type           Power      Damage    Failure   Level
 Dazzling Flash           Conj/Hex       52%        N/A       6%          3
 Animate Skeleton         Necr           14%        N/A       8%          1
 Corona                   Hex            7%         N/A       8%          1
 Pain                     Necr           28%        1d5       8%          1
 Ensorcelled Hibernation  Hex/Ice        14%        N/A       12%         2
 Confusing Touch          Hex            7%         N/A       22%         3
 Tukima's Dance           Hex            7%         N/A       22%         3
 Vampiric Draining        Necr           3%         2d6       22%         3
 Animate Dead             Necr           3%         N/A       58%         4
 Agony                    Necr           7%         N/A       91%         5


Dungeon Overview and Level Annotations

Branches:
Dungeon (4/15)
 Temple: D:4-7

Altars:
Hepliaklqana
Makhleb
Wu Jian
Yredelemnul

Shops:
D:1 ?   D:2 [   D:4 !

Annotations:
D:1 dig
D:4 Duvessa, Grinder


Message History

Press: ? - help, Dir - move target, p - Duvessa You conjure a prism of explosive energy!
A fulminant prism comes into view.
Your fulminant prism crackles loudly.
Duvessa hits your fulminant prism with a +2 short sword of freezing!
Duvessa freezes your fulminant prism.
Your fulminant prism explodes!
The blast of energy engulfs Duvessa!
Duvessa is moderately wounded.
Casting: Fulminant Prism (extremely dangerous; 19% risk of failure)
Confirm with . or Enter, or press ? or * to list all spells.
You don't know that spell.
Unknown command.
Casting: Fulminant Prism (extremely dangerous; 19% risk of failure)
Confirm with . or Enter, or press ? or * to list all spells.
Aiming: Searing Ray (safe; 1% risk of failure)
Press: ? - help, Shift-Dir - straight line, f - Duvessa
Aim: Duvessa, wielding a +2 short sword of freezing and wearing a +0 chain mail (moderately wounded, berserk, 11% to evade)
The searing ray hits Duvessa.
Duvessa is moderately wounded. (Press . to maintain the ray.)
The searing ray hits Duvessa.
Duvessa is moderately wounded.
The searing ray misses the giant cockroach.
The searing ray hits Duvessa!
Duvessa is heavily wounded.
The searing ray hits the giant cockroach!
You kill the giant cockroach!
Duvessa hits you with a +2 short sword of freezing!!
Ouch! That really hurt!
* * * LOW HITPOINT WARNING * * *
Duvessa freezes you!
* * * LOW HITPOINT WARNING * * *
Casting: Searing Ray (safe; 1% risk of failure)
Confirm with . or Enter, or press ? or * to list all spells.
The spell is extremely dangerous to cast (19% risk of failure)!
Continue anyway?
You miscast Iskenderun's Mystic Blast.
You are very lightly contaminated with residual magic.
A wave of violent energy washes through your body!
You die...

####...# ##........#..
###.# #.....######.
#†####....## #.
##....#..### #.
#.....#..#### ##
#...........#
#.......###.# #.....#.#
#.# ##.@...#.# #.##
#### #..e.....#
#..###...
#.#.###..####.#...##
...#)#......##.......
...###.#...#...........
?... #.#..l#...........
... #.#e.......##.....
... #[.......####.....
......### #.....


You could see Duvessa (berserk).

Vanquished Creatures
  Dowan (D:4)
  A howler monkey (D:4)
  A hound (D:3)
  An iguana (D:4)
  2 worker ants (D:4)
  3 gnolls (D:2)
  2 adders
  An adder skeleton (D:4)
  A worm (D:2)
  5 dart slugs
  A leopard gecko (D:1)
  An orc (D:3)
  2 ball pythons
  4 bats
  4 giant cockroaches
  10 goblins
  7 hobgoblins
  5 jackals
  A quokka (D:4)
  5 kobolds
  4 rats
62 creatures vanquished.

Vanquished Creatures (others)
  A fulminant prism (D:4)
1 creature vanquished.

Grand Total: 63 creatures vanquished

Notes
Turn   | Place    | Note
-------+----------+-------------------------------------------
     0 | D:1      | wakim the Deep Elf Conjurer began the quest for the Orb.
     0 | D:1      | Reached XP level 1. HP: 10/10 MP: 6/6
   163 | D:1      | Found Sitouhoh's Magic Scroll Shoppe.
   170 | D:1      | Reached XP level 2. HP: 10/15 MP: 2/8
   173 | D:1      | Learned a level 2 spell: Searing Ray
   557 | D:1      | Reached skill level 5 in Conjurations
  1017 | D:1      | Reached XP level 3. HP: 15/19 MP: 6/10
  1418 | D:2      | Found a hazy altar of Hepliaklqana.
  1418 | D:2      | Found a basalt altar of Yredelemnul.
  1505 | D:2      | Found Giagh's Armour Shoppe.
  1547 | D:2      | Reached XP level 4. HP: 24/24 MP: 2/12
  2148 | D:3      | Learned a level 4 spell: Fulminant Prism
  2153 | D:3      | Learned a level 4 spell: Iskenderun's Mystic Blast
  2463 | D:3      | Found a burning altar of Makhleb.
  2468 | D:3      | Reached skill level 6 in Conjurations
  2563 | D:3      | Found an ornate altar of the Wu Jian Council.
  2586 | D:3      | Reached XP level 5. HP: 28/28 MP: 9/13
  2703 | D:3      | Reached skill level 1 in Shields
  3211 | D:4      | Found Tauh's Distillery.
  3280 | D:4      | Noticed Grinder
  3467 | D:4      | Noticed Duvessa
  3481 | D:4      | Noticed Dowan
  3495 | D:4      | Reached skill level 5 in Spellcasting
  3495 | D:4      | Reached XP level 6. HP: 32/32 MP: 8/15
  3568 | D:4      | Killed Dowan
  3601 | D:4      | Killed by miscasting Iskenderun's Mystic Blast

Illustrated notes

Levels and vault maps discovered:
D:1:      dpeg_arrival_ternary, layout_basic, serial_shops, shop_coins,
          kennysheep_pointless_box
D:2:      layout_loops_ring, grunt_temple_overflow_open, serial_shops, shop,
          minmay_pentomino_r4
D:3:      layout_basic, nzn_wu_jian_contemplation, makhleb_blood_cavern_becter,
          hangedman_glass_teeth
D:4:      layout_rooms, serial_shops, shop, uniq_grinder, uniq_duvessa

Skill      XL: |  1  2  3  4  5  6 |
---------------+-------------------+-----
Conjurations   | 5 6 |  6.7
Spellcasting   | 4 5 |  5.0
Shields        | 1 2 |  2.2
Dodging        | |  2.4
Stealth        | |  2.4

Action                   |  1- 3 |  4- 6 || total
-------------------------+-------+-------++-------
 Cast: Magic Dart        |    56 |    40 ||    96
       Searing Ray       |     5 |    10 ||    15
       Fulminant Prism   |       |     1 ||     1
Dodge: Dodged            |     1 |     5 ||     6
       Rpst.: Long sword |     1 |     2 ||     3

Table legend: (Time is in decaauts)
 A = Elapsed time spent in this place.
 B = Non-inter-level travel time spent in this place.
 C = Inter-level travel time spent in this place.
 D = Time resting spent in this place.
 E = Time spent auto-exploring this place.
 F = Levels seen in this place.
 G = Mean time per level.
                   A        B        C        D        E       F      G
               +--------+--------+--------+--------+--------+-----+--------+
         Total |   3599 |   3540 |     59 |      0 |   3177 |   4 |  899.8 |
       Dungeon |   3599 |   3540 |     59 |      0 |   3177 |   4 |  899.8 |
               +--------+--------+--------+--------+--------+-----+--------+

Top non-repeatable levels by time:
     D:1: 1118 daAuts
     D:2: 975 daAuts
     D:3: 927 daAuts
     D:4: 577 daAuts
